 Dungeon Crawl Stone Soup version 0.25.1-2-g60ff931df9 (webtiles) character file.

Game seed: 9639014737447757757

127 funkygono the Covered (level 4, -1/41 HPs)
             Began as a Minotaur Fighter on Aug 20, 2020.
             Slain by Natasha (3 damage)
             ... on level 2 of the Dungeon.
             The game lasted 00:03:08 (1652 turns).

funkygono the Covered (Minotaur Fighter)            Turns: 1652, Time: 00:03:08

Health: -1/41      AC:  7    Str: 21    XL:     4   Next: 85%
Magic:  3/3        EV:  8    Int:  5    God:
Gold:   118        SH: 10    Dex: 10    Spells: 3/3 levels left

rFire    . . .     SeeInvis .   a - +0 flail
rCold    . . .     Gourm    .   c - +1 kite shield
rNeg     . . .     Faith    .   b - +0 scale mail
rPois    .         Spirit   .   (helmet restricted)
rElec    .         Reflect  .   (no cloak)
rCorr    .         Harm     .   (no gloves)
MR       .....                  (no boots)
Stlth    ..........             (no amulet)
HPRegen  0.13/turn              (no ring)
MPRegen  0.08/turn              (no ring)

@: lethally poisoned (-1 -> -1), slowed, very slow
A: retaliatory headbutt, horns 2
a: no special abilities


You were on level 2 of the Dungeon.
You were hungry.

You visited 1 branch of the dungeon, and saw 2 of its levels.

You collected 118 gold pieces.

Inventory:

Hand Weapons
 a - a +0 flail (weapon)
 g - a +0 hunting sling
Missiles
 m - 16 stones (quivered)
 p - 40 sling bullets
Armour
 b - a +0 scale mail (worn)
 c - a +1 kite shield (worn)
Scrolls
 i - a scroll of teleportation
 k - a scroll of fear {unknown}
 l - a scroll of remove curse
Potions
 d - 4 potions of might
 e - a potion of magic {unknown}
 j - a potion of lignification {unknown}
 n - a potion of curing {unknown}
 o - 2 potions of berserk rage
 q - a potion of degeneration {unknown}
Comestibles
 f - 2 rations
 h - 3 chunks of flesh


   Skills:
 + Level 4.6 Fighting
 + Level 3.2 Maces & Flails
 + Level 4.7 Armour
 + Level 1.5 Dodging
 + Level 4.4 Shields


You had 3 spell levels left.
You didn't know any spells.
Your spell library was empty.

Dungeon Overview and Level Annotations

Branches:
Dungeon (2/15)

Altars:

Annotations:
D:2 Natasha


Innate Abilities, Weirdness & Mutations

You reflexively headbutt those who attack you in melee.
You have a pair of horns on your head.


Message History

You block Natasha's attack.
You hit Natasha.
Natasha is heavily wounded.
You feel sick.
Natasha casts a spell.
Your shield and scale mail prevent you from hitting Natasha.
Natasha is heavily wounded.
Natasha claws you. x2
* * * LOW HITPOINT WARNING * * *
You hit Natasha.
Natasha is heavily wounded.
You feel sick.
The crimson imp disappears in a puff of smoke!
Natasha casts a spell at you. The magic dart hits you!
* * * LOW HITPOINT WARNING * * *
Natasha mumbles some strange words.
Natasha glows brightly for a moment.
Natasha claws you.
You die...

#...##.#.############ ###.
#........÷........... ..
#..#^.....###.####### #..
#..+......# #........ #..#
#.##......# #.#########+#
#..# #. #......###.# .......
#..# #. +......'...#
.......# #..# ##
#......########.......#.#..#
####.......@h55.......#.#..#
#.#########........+....÷
#+# #......%.#.#..#
#.?......#.#..#
.>.......+.#..#
##...<...#....#
########..### #..##
######...##


You could see an iron imp (summoned), Natasha and a shadow imp (summoned).

Vanquished Creatures
  Robin (D:2)
  4 gnolls (D:2)
  2 adders (D:2)
  2 worms (D:2)
  2 leopard geckos
  5 bats
  3 giant cockroaches (D:2)
  14 goblins
  7 hobgoblins
  2 kobolds (D:1)
  4 frilled lizards
  5 rats
51 creatures vanquished.

Notes
Turn   | Place    | Note
-------+----------+-------------------------------------------
     0 | D:1      | funkygono the Minotaur Fighter began the quest for the Orb.
     0 | D:1      | Reached XP level 1. HP: 19/19 MP: 0/0
   234 | D:1      | Reached XP level 2. HP: 26/27 MP: 1/1
   916 | D:2      | Reached XP level 3. HP: 32/33 MP: 2/2
  1037 | D:2      | Noticed Robin
  1064 | D:2      | Killed Robin
  1105 | D:2      | Reached skill level 1 in Dodging
  1193 | D:2      | Reached XP level 4. HP: 27/41 MP: 3/3
  1637 | D:2      | Noticed Natasha
  1652 | D:2      | HP: 2/41 [Natasha/magic dart (9)]
  1652 | D:2      | Slain by Natasha

Illustrated notes

Levels and vault maps discovered:
D:1:      mushboom_english_gardens, layout_basic, chequers_big_river,
          minmay_lizard_pond
D:2:      layout_basic, uniq_natasha, uniq_robin

Skill      XL: |  1  2  3  4 |
---------------+-------------+-----
Fighting       | 4 |  4.6
Shields        | 4 |  4.4
Armour         | 4 |  4.7
Dodging        | 1 |  1.5
Maces & Flails | 3 |  3.2

Action                   |  1- 3 |  4- 6 || total
-------------------------+-------+-------++-------
Melee: Flail             |    89 |    27 ||   116
       Headbutt          |    18 |     4 ||    22
  Use: Scroll            |     6 |       ||     6
  Eat: Chunk             |     1 |     1 ||     2
Armor: Scale mail        |    37 |    20 ||    57
Dodge: Dodged            |    23 |     6 ||    29
Block: Kite shield       |    53 |    15 ||    68
